 Dungeon Crawl Stone Soup version 0.27.0-1-g7a089689b8 (console) character file.

Game seed: 9951752539591093783

4879 om the Cutter (level 10, 0/72 HPs)
             Began as a Djinni Ice Elementalist on Aug 6, 2021.
             Was a Follower of Makhleb.
             Slain by a yak (15 damage)
             ... on level 8 of the Dungeon.
             The game lasted 00:34:39 (12522 turns).

om the Cutter (Djinni Ice Elementalist)            Turns: 12522, Time: 00:34:40

Health: 0/72       AC:  2    Str:  8    XL:     10   Next: 79%
Gold:   349        EV: 15    Int: 18    God:    Makhleb [*.....] SH:  0 Dex: 15

rFire    + + .     SeeInvis .   c - +1 dagger (elec)
rCold    x . .     Faith    .   (no shield)
rNeg     . . .     Spirit   .   a - +0 robe
rPois    ∞         Reflect  .   (no helmet)
rElec    .         Harm     .   (no cloak)
rCorr    .         Rampage  .   (no gloves)
Will     +....                  (boots unavailable)
Stlth    ++........             (no amulet)
HPRegen  0.22/turn              (no ring)
MPRegen  0.00/turn              (no ring)

@: flying
A: sickness immunity, fire resistance 2, cold vulnerability 1, float, innate
caster, hp casting, extra vitality 1
a: Renounce Religion


You were on level 8 of the Dungeon.
You worshipped Makhleb.
Makhleb was aware of your devotion.
You visited 2 branches of the dungeon, and saw 10 of its levels.

You collected 349 gold pieces.

Inventory:

Hand Weapons
 c - a +1 dagger of electrocution (weapon)
 n - the +7 rapier of the Foremost Friars {antimagic, Str+3}
   (You found it on level 6 of the Dungeon)

   It reduces the magical energy of the wielder, and disrupts the spells and
   magical abilities of those it strikes.
   Natural abilities and divine invocations are not affected.
   Str:       It affects your strength (+3).
Armour
 a - a +0 robe (worn)
Jewellery
 f - an amulet of reflection
 r - a ring of fire
Wands
 g - a wand of polymorph (5)
 i - a wand of iceblast (4)
 m - a wand of paralysis (10)
Scrolls
 d - 2 scrolls of fog
 k - 4 scrolls of teleportation
 t - 4 scrolls of identify
 u - a scroll of noise {unknown}
Potions
 b - 2 potions of attraction
 e - 2 potions of ambrosia
 h - 3 potions of might
 j - 2 potions of curing {unknown}
 l - a potion of magic {unknown}
 o - a potion of resistance
 p - 2 potions of haste
 q - 2 potions of heal wounds {unknown}
 s - a potion of flight {unknown}


   Skills:
 - Level 6.0 Fighting
 * Level 7.7 Short Blades
 * Level 7.6 Dodging
 - Level 3.0 Stealth
 * Level 7.2 Spellcasting


You had 3 spell levels left.
You knew the following spells:

 Your Spells              Type           Power      Damage    Failure   Level
a - Freeze                Ice            100%       1d11      1%          1
b - Frozen Ramparts       Ice            64%        1d8       1%          3
c - Ozocubu's Armour      Ice            32%        N/A       1%          3
d - Hailstorm             Conj/Ice       32%        3d8       5%          4
e - Pain                  Necr           100%       1d9       1%          1
f - Wereblood             Tmut           32%        N/A       1%          2
g - Tukima's Dance        Hex            32%        N/A       1%          3
h - Spider Form           Tmut/Pois      16%        N/A       1%          3
Your spell library was empty.

Dungeon Overview and Level Annotations

Branches:
Dungeon (9/15)             Temple (1/1) D:7
   Lair: D:8-11         Orc: D:9-12

Altars:
Cheibriados
Elyvilon
Fedhas
Gozag
Hepliaklqana
Kikubaaqudgha
Makhleb
Nemelex Xobeh
Okawaru
Qazlal
Ru
Sif Muna
Trog
Uskayaw
Vehumet
Wu Jian
Xom
Yredelemnul
Zin
The Shining One


Innate Abilities, Weirdness & Mutations

You are immune to sickness and miasma.
You are immune to poison.
Your flesh is very heat resistant. (rF++)
You are vulnerable to cold. (rC-)
You float through the air rather than walking.
You learn spells naturally, not from books.
Your magical power is your life essence.
You have superior vitality. (+4 HP)


Message History

The yak is lightly wounded.
The yak closely misses you. The yak misses you. The yak gores you!
The yak misses you. The yak completely misses you. The yak misses you.
You hit the yak.
The yak is poisoned.
The yak is lightly wounded.
The yak gores you!
* * * LOW HITPOINT WARNING * * *
The yak closely misses you.
The yak snorts and paws the ground.
The yak misses you. The yak completely misses you.
The yak looks more healthy.
The yak looks more healthy.
Your transformation is almost over.
The yak snorts and paws the ground.
The yak looks more healthy.
Your transformation has ended.
Your +1 dagger of electrocution unmelds from your body.
Your +0 robe unmelds from your body.
You hear the crackle of electricity.
The yak snorts and paws the ground.
The yak barely misses you.
There is a stone staircase leading up here.
The yak barely misses you.
You fly upwards.
There is a stone staircase leading down here.
Aiming: Freeze (safe; 1% risk of failure)
Press: ? - help, Q - select action, (/) - cycle Shift-Dir - straight line, f - yak
Aim: a yak (lightly wounded)
You freeze the yak!
The yak is moderately wounded.
* * * LOW HITPOINT WARNING * * *
The yak gores you!
* * * LOW HITPOINT WARNING * * *
Okay, then.
Aiming: Paralyse
Press: ? - help, Shift-Dir - straight line, f/p - yak
Aim: a yak (moderately wounded, chance to affect: 46%)
The yak resists with some effort.
The yak gores you!
You die...

##.................##
#...######...####..#
#..## ##### #..##
####### #..# ##....##
#..# ##......## ##.##
#........## #..#
#.........## #.÷#
#..........# ###.##
#..........###...#
#..>........Y@...##
#..............#..#
#............####.##
##............# #..#
##......)..### ####
#####.##### ###


You could see a yak.

Vanquished Creatures
  A two-headed ogre (D:8)
  Grinder (D:3)
  3 yaks
  7 humans
  Edmund (D:9)
  A water moccasin (D:5)
  An ice beast (D:8)
  4 orc warriors
  3 sky beasts
  A black bear (D:6)
  2 necrophages
  An ogre (D:4)
  3 bullfrogs
  2 scorpions (D:6)
  A wyvern zombie (D:5)
  4 killer bees (D:9)
  2 howler monkeys (D:5)
  2 centaur zombies (D:7)
  4 hounds
  A jelly (D:5)
  An orc priest (D:7)
  A centaur skeleton (D:6)
  A bullfrog skeleton (D:6)
  Ijyb (D:9)
  3 iguanas
  2 orc wizards
  A hound skeleton (D:5)
  Robin (D:3)
  12 adders
  A shadow imp (D:6)
  A white imp (D:7)
  3 ufetubi
  A worm (D:2)
  A dart slug (D:1)
  17 orcs
  6 bats
  2 endoplasms
  8 hobgoblins
  3 jackals
  5 quokkas
  10 ball pythons
  5 frilled lizards
  22 goblins
  7 kobolds
  3 rats
163 creatures vanquished.

Vanquished Creatures (others)
  4 toadstools (D:9)
4 creatures vanquished.

Grand Total: 167 creatures vanquished

Notes
Turn   | Place    | Note
-------+----------+-------------------------------------------
     0 | D:1      | om the Djinni Ice Elementalist began the quest for the Orb.
     0 | D:1      | Reached XP level 1. HP: 15/15 MP: 0/0
   216 | D:1      | Reached XP level 2. HP: 20/21 MP: 0/0
  1459 | D:1      | Reached XP level 3. HP: 23/25 MP: 0/0
  1459 | D:1      | Learned a level 1 spell: Pain
  2477 | D:2      | Reached XP level 4. HP: 29/31 MP: 0/0
  2921 | D:3      | Reached skill level 1 in Short Blades
  2938 | D:3      | Noticed Grinder
  2991 | D:3      | Found a runed translucent door.
  2991 | D:3      | Noticed a human
  2995 | D:3      | Found a basalt altar of Yredelemnul.
  3010 | D:3      | Killed a human
  3011 | D:3      | Reached XP level 5. HP: 16/35 MP: 0/0
  3011 | D:3      | Learned a level 2 spell: Wereblood
  3011 | D:3      | Reached XP level 6. HP: 19/40 MP: 0/0
  3215 | D:3      | Noticed Robin
  3224 | D:3      | Killed Robin
  3563 | D:3      | Found a sparkling altar of Nemelex Xobeh.
  3708 | D:4      | Noticed an ogre
  3753 | D:4      | Killed an ogre
  3754 | D:4      | Reached skill level 1 in Fighting
  3964 | D:4      | Found a shimmering altar of Xom.
  4204 | D:4      | Noticed a necrophage
  5080 | D:4      | Reached XP level 7. HP: 48/48 MP: 0/0
  5080 | D:4      | Learned a level 3 spell: Tukima's Dance
  5115 | D:5      | Entered Level 5 of the Dungeon
  5449 | D:5      | Noticed a water moccasin
  5459 | D:5      | Killed a water moccasin
  5766 | D:5      | Reached XP level 8. HP: 41/56 MP: 0/0
  6613 | D:6      | Reached skill level 5 in Short Blades
  6613 | D:6      | Reached skill level 5 in Spellcasting
  7012 | D:6      | Reached skill level 5 in Fighting
  7240 | D:6      | Identified the +7 rapier of the Foremost Friars {antimagic,
                  | Str+3}
  8088 | D:6      | Reached XP level 9. HP: 18/65 MP: 0/0
  8088 | D:6      | Learned a level 3 spell: Spider Form
  8563 | D:7      | Identified the -5 pair of gloves of Complete Protection
                  | {Fly}
  8815 | D:7      | Found a staircase to the Ecumenical Temple.
  8821 | Temple   | Entered the Ecumenical Temple
  9652 | D:4      | You are sucked into a shaft and drop 2 floors!
  9922 | D:3      | Paralysed by Grinder for 5 turns
  9929 | D:3      | Killed Grinder
 10659 | D:8      | Reached skill level 5 in Dodging
 10672 | D:8      | Found a hazy altar of Hepliaklqana.
 10718 | D:8      | Found a white marble altar of Elyvilon.
 10719 | D:8      | Noticed a two-headed ogre
 10721 | D:8      | Found a bloodstained altar of Trog.
 10721 | D:8      | Found a blossoming altar of Fedhas.
 10737 | D:8      | HP: 2/66 [two-headed ogre (17)]
 10738 | D:8      | Killed a two-headed ogre
 10739 | D:8      | Reached XP level 10. HP: 2/72 MP: 0/0
 11064 | D:8      | Found a sacrificial altar of Ru.
 11064 | D:8      | Found a burning altar of Makhleb.
 11077 | D:8      | Became a worshipper of Makhleb the Destroyer
 12162 | D:9      | Noticed Edmund
 12162 | D:9      | Noticed Ijyb
 12178 | D:9      | Killed Ijyb
 12180 | D:9      | Killed Edmund
 12220 | D:9      | Reached * piety under Makhleb
 12522 | D:8      | Slain by a yak

Illustrated notes

Levels and vault maps discovered:
D:1:      minmay_arrival_wavy_path, layout_basic
D:2:      layout_loops_corners
D:3:      kb_forest_paths, layout_basic, mainiacjoe_overflow_brackets,
          dk_yredelemnul_ordeal, lemuel_blue_sif_altar, minmay_starry_boxes,
          uniq_grinder, uniq_robin
D:4:      layout_gridville, nicolae_overflow_hidden_temple
D:5:      layout_basic, grunt_ministairs_4, eino_small_chamber_without_monster
D:6:      layout_loops_corners, mainiacjoe_overflow_tiny_flanked,
          amcnicky_mini_pool_medium
D:7:      layout_rooms, minmay_temple_entry_enclosed_plants
D:8:      layout_cave_pods, mainiacjoe_overflow_six_doors_small,
          grunt_temple_overflow_open
D:9:      erik_cavepeople, layout_irregular_city, lair_entry_dummy,
          grunt_decor_arrowhead, minmay_gold_behind_fungi, st_stairs_8
Temple:   grunt_temple_mini_profane

Skill      XL: |  1  2  3  4  5  6  7  8  9 10 |
---------------+-------------------------------+-----
Short Blades   | 2 3 4 5 6 7 |  7.7
Dodging        | 3 5 7 |  7.6
Stealth        | 2 3 |  3.0
Spellcasting   | 4 5 6 7 |  7.2
Fighting       | 1 3 5 6 |  6.0

Action                   |  1- 3 |  4- 6 |  7- 9 | 10-12 || total
-------------------------+-------+-------+-------+-------++-------
Melee: Dagger            |    57 |    64 |   161 |    32 ||   314
       Rapier            |       |       |     8 |       ||     8
       Unarmed           |       |       |       |    23 ||    23
 Cast: Freeze            |    30 |    10 |    40 |    12 ||    92
       Frozen Ramparts   |     2 |     3 |    19 |     5 ||    29
       Wereblood         |       |     3 |     1 |       ||     4
       Ozocubu's Armour  |       |     1 |    13 |     3 ||    17
       Pain              |       |       |       |     4 ||     4
       Hailstorm         |       |       |       |     4 ||     4
       Spider Form       |       |       |       |     2 ||     2
Evoke: Wand              |       |       |     3 |     1 ||     4
  Use: Scroll            |     2 |     4 |     7 |       ||    13
 Stab: Sleeping          |     3 |     6 |     4 |       ||    13
       Distracted        |       |       |     1 |       ||     1
Armor: Robe              |    17 |     8 |    33 |     7 ||    65
Dodge: Dodged            |    57 |    26 |   121 |   103 ||   307
